 Dungeon Sprint DCSS version 0.28-a0-390-gb254ac4902 (webtiles) character file.

Game seed: 6594975647460251495

704 MikeHunt the Thaumaturge (level 7, -10/46 HPs)
             Began as a Demonspawn Ice Elementalist on Sept 4, 2021.
             Was a Follower of Sif Muna.
             Mangled by a human (17 damage)
             ... in the Dungeon (Sprint III: "The Ten Rune Challenge").
             The game lasted 00:03:08 (996 turns).

MikeHunt the Thaumaturge (DsIE)                      Turns: 996, Time: 00:03:09

Health: -10/46     AC:  6    Str:  9    XL:     7   Next: 39%
Magic:  10/20      EV: 12    Int: 18    God:    Sif Muna [*.....]
Gold:   23         SH:  0    Dex: 11    Spells: 9/25 levels left

rFire   . . .      SeeInvis .   i - +2 dagger (venom)
rCold   . . .      Faith    .   (no shield)
rNeg    . . .      Spirit   .   a - +0 robe
rPois   .          Reflect  .   (no helmet)
rElec   .          Harm     .   (no cloak)
rCorr   .          Rampage  .   (no gloves)
Will    .....      NoTele   +   h - +0 pair of boots
Stlth   ++........              (no amulet)
HPRegen 0.15/turn               (no ring)
MPRegen 0.17/turn               (no ring)

@: freezing walls, very slightly contaminated
A: talons 1, thin metallic scales 2, demonic guardian 1, spiny 1, clumsy 1,
mutation resistance 1
a: Renounce Religion, Channel Magic


You were in the Dungeon.
You worshipped Sif Muna.
Sif Muna was aware of your devotion.
You visited 1 branch You collected 23 gold pieces.

Inventory:

Hand Weapons
 i - a +2 dagger of venom (weapon)
Armour
 a - a +0 robe (worn)
 h - a +0 pair of boots (worn)
Scrolls
 g - a scroll of blinking
 k - a scroll of holy word
 n - a scroll of vulnerability {unknown}
Potions
 b - a potion of curing
 c - 2 potions of heal wounds
 d - a potion of haste
 e - 2 potions of magic
 f - a potion of berserk rage
 j - 3 potions of mutation
 m - a potion of cancellation
 o - 2 potions of flight


   Skills:
 - Level 1.7 Dodging
 - Level 1.7 Stealth
 + Level 9.9 Spellcasting
 + Level 7.1 Conjurations
 - Level 7.4 Ice Magic
 + Level 6.3 Earth Magic


You had 9 spell levels left.
You knew the following spells:

 Your Spells              Type           Power      Damage    Failure   Level
a - Hailstorm             Conj/Ice       35%        3d9       4%          4
b - Frozen Ramparts       Ice            70%        1d9       1%          3
c - Lee's Rapid Deconstr  Erth           15%        3d11*     16%         5
e - Freeze                Ice            100%       1d11      1%          1
x - Ozocubu's Armour      Ice            35%        N/A       1%          3

Your spell library contained the following spells:

 Spells                   Type           Power      Damage    Failure   Level
 Sandblast                Erth           62%        2d14      1%          1
 Passwall                 Tmut/Erth      16%        N/A       3%          2
 Pain                     Necr           32%        1d5       9%          1
 Agony                    Necr           8%         N/A       92%         5
 Excruciating Wounds      Necr           4%         N/A       92%         5


Dungeon Overview and Level Annotations

Branches:
Dungeon (1/1)

Altars:
Dithmenos
Elyvilon
Kikubaaqudgha
Okawaru
Ru
Sif Muna
Trog
Uskayaw
Vehumet
Wu Jian
Yredelemnul
Zin
The Shining One
Beogh


Innate Abilities, Weirdness & Mutations

You have sharp toenails.
You are mostly covered in thin metallic scales. (AC +3)
A weak demonic guardian rushes to your aid.
You are partially covered in sharp spines.
You are clumsy. (Dex -2)
You are somewhat resistant to further mutation.


Message History

Casting: Hailstorm (dangerous; 4% risk of failure)
Press: ? - help, Dir - look around, f - activate You miscast Hailstorm.
You are very lightly contaminated with residual magic.
Nothing appears to happen.
The human shouts!
The wall freezes the human.
The human drinks a potion.
The human goes berserk!
Casting: Hailstorm (dangerous; 4% risk of failure)
Confirm with . or Enter, or press ? or * to list all spells.
Aiming: Freeze (safe; 1% risk of failure)
Press: ? - help, Shift-Dir - straight line, f - human
Aim: a human (moderately wounded, strong)
You freeze the human.
The human is moderately wounded.
The wall freezes the human.
The human hits you!
The wall freezes the human.
The human hits you from afar with a +0 spear.
Casting: Freeze (safe; 1% risk of failure)
Confirm with . or Enter, or press ? or * to list all spells.
Aiming: Freeze (safe; 1% risk of failure)
Press: ? - help, Shift-Dir - straight line, f/p - human
Aim: a human (moderately wounded, strong)
You freeze the human!
The human is severely wounded.
The wall freezes the human.
The human closely misses you.
The wall freezes the human.
The human hits you from afar with a +0 spear!
Casting: Freeze (safe; 1% risk of failure)
Confirm with . or Enter, or press ? or * to list all spells.
Aiming: Freeze (safe; 1% risk of failure)
Press: ? - help, Shift-Dir - straight line, f/p - human
Aim: a human (severely wounded, strong)
You freeze the human.
The human is almost dead.
The wall freezes the human.
The human hits you from afar with a +0 spear!
The wall freezes the human.
The human hits you!
* * * LOW HITPOINT WARNING * * *
A demonic guardian appears!
The wall freezes the human!
The human hits you from afar with a +0 spear!
You die...

▓▓ ▓▓▓ .####
##.############
....#####..#___#___#__#
.....#..#..#)..#p_ #)_#
##..÷#..#..###'#p###÷##
###..##'#..#....@.....#
[##..###...'.⌠.5......#
##..####...#...######+#
##..###....#.⌠.#
#...##.....#...#
....#÷.....#'###
..##.#.....#)).# ..
####....#___# ▓▓
▓▓▓▓▓▓▓▓▓▓


You could see 2 humans and a friendly iron imp (summoned).

Vanquished Creatures
  A deep elf pyromancer (D)
  A necrophage (D)
  A water elemental (D)
  Jessica (D)
  A necromancer (D)
  A wizard (D)
  A human (D)
  A kobold demonologist (D)
  A wolf (D)
  An endoplasm (D)
  2 rats (D)
12 creatures vanquished.

Vanquished Creatures (others)
  2 plants (D)
2 creatures vanquished.

Grand Total: 14 creatures vanquished

Notes
Turn   | Place    | Note
-------+----------+-------------------------------------------
     0 | D        | MikeHunt the Demonspawn Ice Elementalist began the quest
                  | for the Orb.
     0 | D        | Reached XP level 1. HP: 13/13 MP: 3/3
   170 | D        | Noticed Jessica
   183 | D        | Killed Jessica
   184 | D        | Reached skill level 4 in Spellcasting
   184 | D        | Gained mutation: You are partially covered in sharp spines.
                  | [demonic ancestry]
   184 | D        | Reached XP level 2. HP: 18/19 MP: 1/7
   184 | D        | Gained mutation: You are partially covered in thin metallic
                  | scales. (AC +2) [demonic ancestry]
   184 | D        | Reached XP level 3. HP: 22/24 MP: 1/9
   204 | D        | Learned a level 3 spell: Frozen Ramparts
   209 | D        | Learned a level 3 spell: Ozocubu's Armour
   258 | D        | Reached skill level 5 in Spellcasting
   258 | D        | Reached skill level 5 in Ice Magic
   537 | D        | Gained mutation: You sometimes lose the ability to read
                  | scrolls when taking damage. [potion of mutation]
   538 | D        | Lost mutation: You sometimes lose the ability to read
                  | scrolls when taking damage. [potion of mutation]
   538 | D        | Gained mutation: You are somewhat resistant to further
                  | mutation. [potion of mutation]
   538 | D        | Gained mutation: You are clumsy. (Dex -2) [potion of
                  | mutation]
   539 | D        | Noticed a water elemental
   550 | D        | Killed a water elemental
   551 | D        | Reached skill level 6 in Spellcasting
   551 | D        | Gained mutation: You are mostly covered in thin metallic
                  | scales. (AC +3) [demonic ancestry]
   551 | D        | Reached XP level 4. HP: 15/30 MP: 2/12
   693 | D        | Found a radiant altar of Vehumet.
   693 | D        | Found a shimmering blue altar of Sif Muna.
   693 | D        | Found an ancient bone altar of Kikubaaqudgha.
   693 | D        | Noticed a wizard
   696 | D        | Killed a wizard
   697 | D        | Reached skill level 7 in Spellcasting
   697 | D        | Gained mutation: A weak demonic guardian rushes to your
                  | aid. [demonic ancestry]
   697 | D        | Reached XP level 5. HP: 33/35 MP: 8/14
   705 | D        | Became a worshipper of Sif Muna the Loreminder
   719 | D        | Learned a level 4 spell: Hailstorm
   725 | D        | Learned a level 5 spell: Lee's Rapid Deconstruction
   760 | D        | Found a basalt altar of Yredelemnul.
   760 | D        | Found a shadowy altar of Dithmenos.
   760 | D        | Found a sacrificial altar of Ru.
   760 | D        | Noticed a necrophage
   764 | D        | Reached skill level 1 in Conjurations
   764 | D        | Reached skill level 1 in Earth Magic
   768 | D        | Killed a necrophage
   769 | D        | Reached skill level 8 in Spellcasting
   769 | D        | Reached XP level 6. HP: 34/41 MP: 6/17
   810 | D        | Noticed a deep elf pyromancer
   816 | D        | Killed a deep elf pyromancer
   816 | D        | Reached * piety under Sif Muna
   817 | D        | Reached skill level 9 in Spellcasting
   817 | D        | Gained mutation: You have sharp toenails. [demonic
                  | ancestry]
   817 | D        | Reached XP level 7. HP: 19/46 MP: 7/20
   991 | D        | Found a hide-covered altar of Uskayaw.
   991 | D        | Found an iron altar of Okawaru.
   991 | D        | Found a bloodstained altar of Trog.
   991 | D        | Found an ornate altar of the Wu Jian Council.
   991 | D        | Noticed a human
   992 | D        | Noticed a human
   996 | D        | Mangled by a human

Illustrated notes

Levels and vault maps discovered:
D:        dungeon_sprint_mu [sprint_mu_entry_cave, sprint_mu_temple_rooms,
          sprint_mu_d1_spiders, sprint_mu_d2_genie, sprint_mu_d3_branching,
          sprint_mu_orc_legion, sprint_mu_elf_gauntlet, sprint_mu_hive_nellie,
          sprint_mu_lair_fedhas, sprint_mu_vaults_butterflies,
          sprint_mu_slime_circle, sprint_mu_swamp_cave, sprint_mu_shoals_archi,
          sprint_mu_blade_basic, sprint_mu_crypt_lich, sprint_mu_tomb_spiral,
          sprint_mu_vestibule_basic, sprint_mu_gehenna_hellfire,
          sprint_mu_dis_giant, sprint_mu_tartarus_statrot,
          sprint_mu_cocytus_islands, sprint_mu_zot1]

Skill      XL: |  1  2  3  4  5  6 |
---------------+-------------------+-----
Spellcasting   | 4 6 7 8 9 |  9.9
Ice Magic      | 4 6 7 |  7.4
Conjurations   | 3 7 |  7.1
Earth Magic    | 3 6 |  6.3
Dodging        | |  1.7
Stealth        | |  1.7

Action                   |  1- 3 |  4- 6 |  7- 9 || total
-------------------------+-------+-------+-------++-------
Melee: Unarmed           |     2 |       |       ||     2
       Dagger            |     1 |       |       ||     1
 Cast: Freeze            |    15 |    13 |     3 ||    31
       Frozen Ramparts   |     3 |     3 |     1 ||     7
       Ozocubu's Armour  |     1 |       |       ||     1
  Use: Scroll            |     3 |       |       ||     3
       Potion            |     2 |       |       ||     2
Armor: Robe              |     1 |     4 |       ||     5
Dodge: Dodged            |     6 |     4 |     1 ||    11

Table legend: (Time is in decaauts)
 A = Elapsed time spent in this place.
 B = Non-inter-level travel time spent in this place.
 C = Inter-level travel time spent in this place.
 D = Time resting spent in this place.
 E = Time spent auto-exploring this place.
 F = Levels seen in this place.
 G = Mean time per level.
                   A        B        C        D        E       F      G
               +--------+--------+--------+--------+--------+-----+--------+
         Total |    995 |    995 |      0 |    776 |      0 |   1 |  995.0 |
       Dungeon |    995 |    995 |      0 |    776 |      0 |   1 |  995.0 |
               +--------+--------+--------+--------+--------+-----+--------+

Top non-repeatable levels by time:
       D: 995 daAuts
